 Dungeon Crawl Stone Soup version 0.30-a0-989-g0d87f670db (webtiles) character file.

Game seed: 12236762750510429850

64 Maxmaps the Changer (level 3, 0/28 HPs)
             Began as a Draconian Transmuter on Apr 4, 2023.
             Frozen to death by an endoplasm (3 damage)
             ... on level 3 of the Dungeon.
             The game lasted 00:02:02 (1954 turns).

Maxmaps the Changer (Draconian Transmuter)          Turns: 1954, Time: 00:02:02

Health: 0/28       AC:  5    Str: 12    XL:     3   Next: 91%
Magic:  6/6        EV: 12    Int: 15    God:
Gold:   143        SH:  0    Dex: 11    Spells: 2/6 levels left

rFire   . . .      SeeInvis .    k - +1 dagger (venom)
rCold   . . .      Faith    .    (no shield)
rNeg    . . .      Spirit   .    (body armour unavailable)
rPois   .          Reflect  .    (helmet restricted)
rElec   .          Rampage  .    (no cloak)
rCorr   .                        (no gloves)
Will    .....                    (no boots)
Stlth   +                        (no amulet)
HPRegen 0.24/turn                (no ring)
MPRegen 0.10/turn                (no ring)

@: slowed, very slow
A: AC +5, unfitting armour, cold-blooded
a: no special abilities


You were on level 3 of the Dungeon.
You visited 1 branch of the dungeon, and saw 3 of its levels.

You collected 143 gold pieces.

Inventory:

Hand Weapons
 k - a +1 dagger of venom (weapon)
Jewellery
 h - a ring of magical power
 m - a ring of protection from cold
Scrolls
 b - 3 scrolls of enchant weapon {unknown}
 d - 2 scrolls of immolation {unknown}
 e - a scroll of noise {unknown}
 f - 2 scrolls of magic mapping {unknown}
 i - a scroll of fog {unknown}
 l - 2 scrolls of torment {unknown}
 n - a scroll of summoning {unknown}
 o - a scroll of blinking {unknown}
 p - a scroll of fear {unknown}
Potions
 a - a potion of lignification
 c - 2 potions of flight {unknown}
 g - a potion of curing {unknown}
 j - a potion of heal wounds {unknown}


   Skills:
 - Level 1.1 Fighting
 - Level 1.7 Dodging
 - Level 3.0 Unarmed Combat
 - Level 2.0 Spellcasting
 - Level 4.0 Transmutations
 + Level 1.2 Poison Magic


You had 2 spell levels left.
You knew the following spells:

 Your Spells              Type           Power      Damage    Failure   Level
a - Beastly Appendage     Tmut           26%        N/A       4%          1
b - Spider Form           Tmut/Pois      9%         N/A       22%         3

Your spell library contained the following spells:

 Spells                   Type           Power      Damage    Failure   Level
 Wereblood                Tmut           13%        N/A       6%          2
 Ice Form                 Ice/Tmut       7%         N/A       67%         4


Dungeon Overview and Level Annotations

Branches:
Dungeon (3/15)

Altars:
Uskayaw


Innate Abilities, Weirdness & Mutations

Your plain brown scales are hard. (AC +5)
You cannot fit into any form of body armour.
You are cold-blooded and may be slowed by cold attacks.


Message History

You closely miss the kobold.
You kill the kobold!
The endoplasm freezes you.
You are frozen.
You feel yourself slow down. The endoplasm freezes you.
You are frozen.
Things that are here:
a +0 whip; 3 stones You are too injured to fight recklessly!
You are too injured to fight recklessly!
You are too injured to fight recklessly!
You are too injured to fight recklessly!
You are too injured to fight recklessly!
You are too injured to fight recklessly!
You are too injured to fight recklessly!
You are too injured to fight recklessly!
You are too injured to fight recklessly!
You are too injured to fight recklessly!
You are too injured to fight recklessly!
You are too injured to fight recklessly!
You are too injured to fight recklessly!
You are too injured to fight recklessly!
You are too injured to fight recklessly!
You are too injured to fight recklessly!
You are too injured to fight recklessly!
You are too injured to fight recklessly!
You are too injured to fight recklessly!
You hit the endoplasm but do no damage. The endoplasm hits you.
The endoplasm freezes you.
You are frozen.
You hit the endoplasm.
The endoplasm is heavily wounded.
The endoplasm freezes you.
You are frozen.
* * * LOW HITPOINT WARNING * * *
The endoplasm hits you.
* * * LOW HITPOINT WARNING * * *
The endoplasm freezes you.
You are frozen.
You die...

## #.(# ##.# ##
#.## . #..# .###
##.# ...# ####.###
..8##.
#......#####......
#.###..#...J?.....
# #....†..@J.#
#..#......)#
#..#.......#
#..#.#.....#
#..#.#.....#
#..#.#####..#
#..#.# #>.! #.#
.##


You could see 2 endoplasms.

Vanquished Creatures
  An adder (D:2)
  A dart slug (D:2)
  An orc (D:3)
  A bat (D:1)
  4 endoplasms
  2 giant cockroaches (D:1)
  6 goblins
  6 hobgoblins
  3 jackals (D:2)
  3 quokkas
  3 ball pythons
  A frilled lizard (D:2)
  4 kobolds
  11 rats
47 creatures vanquished.

Notes
Turn   | Place    | Note
-------+----------+-------------------------------------------
     0 | D:1      | Maxmaps the Draconian Transmuter began the quest for the
                  | Orb.
     0 | D:1      | Reached XP level 1. HP: 16/16 MP: 3/3
   223 | D:1      | Reached XP level 2. HP: 21/23 MP: 3/5
   288 | D:1      | Reached skill level 3 in Transmutations
   993 | D:2      | Reached XP level 3. HP: 16/28 MP: 6/6
  1002 | D:2      | Learned a level 3 spell: Spider Form
  1122 | D:2      | Found a faded altar of an unknown god.
  1281 | D:2      | Reached skill level 4 in Transmutations
  1316 | D:2      | Found a hide-covered altar of Uskayaw.
  1892 | D:3      | Reached skill level 1 in Poison Magic
  1954 | D:3      | Frozen to death by an endoplasm

Illustrated notes

Levels and vault maps discovered:
D:1:      dpeg_chamrin_arrival_tetris, layout_loops_ring, minmay_misc_feat_chi,
          minmay_rat_gold_closets
D:2:      wander_river, layout_loops_corners,
          hellmonk_ecumenical_altar_crossroads, basic_altar
D:3:      layout_basic, minitemple

Skill      XL: |  1  2  3 |
---------------+----------+-----
Transmutations | 3 4 |  4.0
Poison Magic   | 1 |  1.2
Fighting       | |  1.1
Dodging        | |  1.7
Unarmed Combat | |  3.0
Spellcasting   | |  2.0

Action                     || total
---------------------------++-------
  Melee: Unarmed           ||    99
         Tailslap          ||    15
         Kick              ||    11
         Headbutt          ||     7
         Punch             ||     3
         Dagger            ||    47
   Cast: Beastly Appendage ||    15
   Stab: Sleeping          ||     1
 Armour: Skin              ||    38
  Dodge: Dodged            ||    98

Table legend: (Time is in decaauts)
 A = Elapsed time spent in this place.
 B = Non-inter-level travel time spent in this place.
 C = Inter-level travel time spent in this place.
 D = Time resting spent in this place.
 E = Time spent auto-exploring this place.
 F = Levels seen in this place.
 G = Mean time per level.
                   A        B        C        D        E       F      G
               +--------+--------+--------+--------+--------+-----+--------+
         Total |   1979 |   1890 |     89 |      0 |   1546 |   3 |  659.7 |
       Dungeon |   1979 |   1890 |     89 |      0 |   1546 |   3 |  659.7 |
               +--------+--------+--------+--------+--------+-----+--------+

Top non-repeatable levels by time:
     D:2: 982 daAuts
     D:1: 878 daAuts
     D:3: 118 daAuts
